[Event "Titled Tuesday Blitz March 29 Early 2022"]
[White "Mogirzan, Matei-Valeriu"]
[Black "Fedoseev, Vladimir"]
[WhiteFideId "1257455"]
[BlackFideId "24130737"]
[WhiteElo "1733"]
[BlackElo "2726"]
[Result "0-1"]
[Round "03"]
[TimeControl "180+1"]
[Date "2022.03.29"]
[WhiteClock "0:01:11"]
[BlackClock "0:02:07"]

1. e4 c6 2. d4 d5 3. Nc3 dxe4 4. Nxe4 Nd7 5. Nf3 Ngf6 6. Nxf6+ Nxf6 7. Bd3 g6 8. c3 Bg7 9. Bg5 h6 10. Bf4 Qb6 11. Qc2 c5 12. dxc5 Qxc5 13. O-O-O O-O 14. h4 Bg4 15. Qd2 Rfd8 16. Bxh6 Rxd3 17. Qxd3 Bxh6+ 18. Ng5 Bxd1 19. Rxd1 Qxf2 20. Qc4 Bxg5+ 21. hxg5 Qe3+ 22. Kb1 Qe4+ 23. Qxe4 Nxe4 24. Re1 Nxg5 25. Rxe7 b6 26. Kc2 Kf8 27. Rb7 Ne4 28. b4 Ke8 29. Rc7 a5 30. Kd3 Nd6 31. Rc6 Kd7 32. Rxb6 axb4 33. cxb4 Rxa2 34. Rb8 Rxg2 35. Kd4 Rg5 0-1


[Site "https://www.chess.com"]

[Event "Titled Tuesday Blitz March 29 Early 2022"]
[White "Moksh Amit Doshi"]
[Black "Papp, Petra"]
[WhiteFideId "25064967"]
[BlackFideId "739049"]
[WhiteElo "2245"]
[BlackElo "2259"]
[Result "1-0"]
[Round "03"]
[TimeControl "180+1"]
[Date "2022.03.30"]
[WhiteClock "0:01:37"]
[BlackClock "0:00:58"]

1. d4 Nf6 2. c4 c5 3. d5 b5 4. cxb5 a6 5. bxa6 d6 6. Nc3 g6 7. e4 Bxa6 8. Bxa6 Nxa6 9. Nf3 Bg7 10. O-O O-O 11. h3 Qb6 12. Rb1 Rfb8 13. Bg5 Nc7 14. e5 dxe5 15. Nxe5 h6 16. Bxf6 Bxf6 17. Nd7 Qb4 18. Nxb8 Rxb8 19. d6 Ne6 20. Nd5 Qb7 21. dxe7 Bxe7 22. Nxe7+ Qxe7 23. Re1 Qc7 24. Qd2 Kh7 25. Rbc1 Qa7 26. b3 Rd8 27. Qc3 Qb7 28. Qf6 Rd7 29. Rcd1 Nd4 30. Re8 Nf3+ 31. gxf3 Rxd1+ 32. Kg2 1-0


[Site "https://www.chess.com"]

[Event "Titled Tuesday Blitz March 29 Early 2022"]
[White "Molina, Roberto Junio Brito"]
[Black "Brodowski, Piotr"]
[WhiteFideId "2109450"]
[BlackFideId "1124480"]
[WhiteElo "2432"]
[BlackElo "2422"]
[Result "0-1"]
[Round "03"]
[TimeControl "180+1"]
[Date "2022.03.29"]
[WhiteClock "0:02:09"]
[BlackClock "0:01:51"]

1. d4 c5 2. d5 d6 3. e4 Nf6 4. Nc3 g6 5. h3 Bg7 6. Nf3 O-O 7. Be2 Na6 8. O-O Nc7 9. a4 b6 10. Re1 Bb7 11. Bc4 a6 12. Bf4 Re8 13. Qd2 e5 14. dxe6 Nxe6 15. Bxd6 Nd4 16. Bg3 Nxf3+ 0-1


[Site "https://www.chess.com"]

[Event "Titled Tuesday Blitz March 29 Early 2022"]
[White "Mortazavi, Ali"]
[Black "Xu, Yi"]
[WhiteFideId "401323"]
[BlackFideId "8605564"]
[WhiteElo "2339"]
[BlackElo "2471"]
[Result "1-0"]
[Round "03"]
[TimeControl "180+1"]
[Date "2022.03.29"]
[WhiteClock "0:00:06"]
[BlackClock "0:00:09"]

1. Nf3 d5 2. g3 Nd7 3. Bg2 e5 4. d3 Ngf6 5. O-O Bd6 6. c4 c6 7. cxd5 cxd5 8. Nc3 O-O 9. e4 d4 10. Nb5 Bb8 11. Nh4 a6 12. Na3 Nc5 13. b4 Ne6 14. Nc4 b5 15. Na5 Bc7 16. Bd2 Re8 17. Rc1 Bd7 18. Nf5 Bxa5 19. bxa5 Nf8 20. Nd6 Bg4 21. f3 Bxf3 22. Rxf3 Qxd6 23. Qb3 Rac8 24. Rcf1 Ne6 25. Bh3 Qe7 26. Kg2 Rc6 27. Bb4 Qd8 28. Rf5 Nc5 29. Qd1 Ncd7 30. R1f2 Qc7 31. g4 Rc1 32. Qf3 h6 33. g5 hxg5 34. Rxg5 Rc2 35. Bxd7 Rxf2+ 36. Qxf2 Nxd7 37. Qg3 Qc2+ 38. Kh3 Nf6 39. Rxg7+ Kh8 40. Rg5 Nh7 41. Rh5 Qe2 42. Rh4 Qf1+ 43. Qg2 Qxd3+ 44. Qg3 Qf1+ 45. Qg2 Qxg2+ 46. Kxg2 Kg7 47. Kf2 Kf6 48. Rh6+ Kg7 49. Rxa6 Rf8 50. Bxf8+ Nxf8 51. Ra8 Ne6 52. a6 Nc5 53. a7 Nxe4+ 54. Ke1 d3 55. Rd8 d2+ 56. Rxd2 Nxd2 57. Kxd2 e4 58. a8=Q f5 59. Qd5 Kf6 60. Ke3 Kg5 61. Qe5 Kg4 62. Qf4+ Kh5 63. Qxf5+ Kh4 64. Qg6 b4 65. Kf4 b3 66. Qg4# 1-0


[Site "https://www.chess.com"]

[Event "Titled Tuesday Blitz March 29 Early 2022"]
[White "Murzin, Volodar"]
[Black "Bychkov, Vladimir"]
[WhiteFideId "44155573"]
[BlackFideId "24151513"]
[WhiteElo "2585"]
[BlackElo "2253"]
[Result "1-0"]
[Round "03"]
[TimeControl "180+1"]
[Date "2022.03.30"]
[WhiteClock "0:00:03"]
[BlackClock "0:00:15"]

1. e4 c6 2. d3 d5 3. Nd2 Qc7 4. Ngf3 g6 5. d4 dxe4 6. Nxe4 Bg7 7. Bc4 Nf6 8. Nxf6+ Bxf6 9. Bh6 Nd7 10. O-O Nb6 11. Bb3 a5 12. a3 a4 13. Ba2 Bf5 14. Qe2 Rg8 15. Rfe1 g5 16. Qd2 g4 17. Ne5 e6 18. c4 Rd8 19. Qf4 Nd7 20. Nxg4 Qxf4 21. Nxf6+ Nxf6 22. Bxf4 Rxd4 23. Be5 Rdg4 24. Bxf6 Rxg2+ 25. Kh1 Rg1+ 26. Rxg1 Be4+ 27. Rg2 Rxg2 28. Re1 Bf3 29. Re3 Rg3+ 30. Rxf3 Rxf3 31. Bh4 c5 32. Bb1 Rb3 33. Bf6 Rf3 34. Bc3 Rxf2 35. Bxh7 f5 36. Kg1 Rc2 37. Bg6+ Ke7 38. h4 Re2 39. h5 e5 40. Bxf5 Kf6 41. Bd3 Re3 42. Bg6 Rg3+ 43. Kf2 Rg4 44. Be8 Rxc4 45. Ke3 Rh4 46. Kd3 c4+ 47. Ke3 Ke7 48. Bxa4 Rxh5 49. Bb5 Rh4 50. Bxe5 Ke6 51. Bc3 Kd5 52. Ba4 Kc5 53. Kd2 b5 54. Bd1 Rh2+ 55. Ke3 Kd5 56. Kf4 Rf2+ 57. Bf3+ Kc5 58. Ke4 Rf1 59. Bg4 Rh1 60. Ke5 Rh4 61. Bf3 Rh3 62. Bd4# 1-0


[Site "https://www.chess.com"]

[Event "Titled Tuesday Blitz March 29 Early 2022"]
[White "Nazari, Arad"]
[Black "Iljin, Timofey"]
[WhiteFideId "12577324"]
[BlackFideId "14110180"]
[WhiteElo "2120"]
[BlackElo "2396"]
[Result "0-1"]
[Round "03"]
[TimeControl "180+1"]
[Date "2022.03.30"]
[WhiteClock "0:02:27"]
[BlackClock "0:01:51"]

1. e4 e5 2. Nf3 Nc6 3. Bb5 a6 4. Bxc6 dxc6 5. O-O Bg4 6. h3 h5 7. d3 Bd6 8. Nbd2 Be6 9. c3 Qd7 10. d4 Bxh3 11. gxh3 Qxh3 12. Nxe5 Bxe5 13. dxe5 Rh6 14. f3 Qg3+ 15. Kh1 Qh4+ 16. Kg2 Rg6# 0-1


[Site "https://www.chess.com"]

[Event "Titled Tuesday Blitz March 29 Early 2022"]
[White "Nguyen Hong Nhung"]
[Black "Oganian, Miran"]
[WhiteFideId "12412201"]
[BlackFideId "4122488"]
[WhiteElo "1661"]
[BlackElo "2357"]
[Result "0-1"]
[Round "03"]
[TimeControl "180+1"]
[Date "2022.03.30"]
[WhiteClock "0:00:09"]
[BlackClock "0:01:15"]

1. e4 e6 2. d4 d5 3. Nc3 Bb4 4. e5 c5 5. a3 Bxc3+ 6. bxc3 Ne7 7. Qg4 Qc7 8. Qxg7 Rg8 9. Qxh7 cxd4 10. Ne2 Nbc6 11. f4 dxc3 12. Qd3 Bd7 13. Qxc3 O-O-O 14. Rg1 d4 15. Qd3 Kb8 16. g4 Bc8 17. Rg3 b6 18. Bg2 Bb7 19. Bd2 Nd5 20. Rb1 f6 21. exf6 e5 22. Bxd5 Rxd5 23. g5 Qf7 24. fxe5 Nxe5 25. Bf4 Ka8 26. Qb3 Qg6 27. Rd1 d3 28. cxd3 Re8 29. Kf2 Qh5 30. h3 Nxd3+ 31. Rdxd3 Qxe2+ 32. Kg1 Qe1+ 33. Kh2 Re2+ 34. Rg2 Rxg2+ 35. Kxg2 Rxd3+ 36. Kh2 Qh1# 0-1


[Site "https://www.chess.com"]

[Event "Titled Tuesday Blitz March 29 Early 2022"]
[White "Odegov, Artem"]
[Black "Timofeev, Artyom"]
[WhiteFideId "34183644"]
[BlackFideId "4140419"]
[WhiteElo "2286"]
[BlackElo "2594"]
[Result "0-1"]
[Round "03"]
[TimeControl "180+1"]
[Date "2022.03.29"]
[WhiteClock "0:00:01"]
[BlackClock "0:00:15"]

1. d4 d5 2. c4 e6 3. Nf3 c6 4. Nc3 dxc4 5. Bg5 Be7 6. h4 Nf6 7. e4 b5 8. Be2 h6 9. Bxf6 Bxf6 10. g4 Bb7 11. Qd2 Nd7 12. O-O-O Nb6 13. g5 Be7 14. gxh6 Rxh6 15. Rdg1 Bf8 16. Ne5 Qc7 17. Qg5 b4 18. Nd1 c3 19. bxc3 bxc3 20. Nxc3 Rf6 21. Nxf7 Rxf7 22. Bh5 Qe7 23. Qf4 Nc4 24. Kc2 Nd6 25. Rb1 O-O-O 26. Bxf7 Qxf7 27. Qg4 Qxf2+ 28. Kb3 Qf7 29. Rhf1 Qd7 30. e5 Nf5 31. Kb2 Qxd4 32. Qxd4 Rxd4 33. Rbd1 Rxh4 34. Ne2 Rb4+ 35. Kc3 Re4 36. Nf4 Rxe5 37. Ng6 Rc5+ 38. Kb2 Bd6 39. Rxf5 exf5 40. Rxd6 Kc7 41. Re6 Rd5 42. Re7+ Rd7 43. Re8 c5 44. Rf8 Be4 45. Ne5 Re7 46. Ng6 Rd7 47. Ne5 Rd2+ 48. Kc3 Rxa2 49. Rf7+ Kd6 50. Nc4+ Ke6 51. Rxg7 Rc2+ 52. Kb3 Rc1 53. Rg6+ Ke7 54. Rg7+ Kf6 55. Rg8 Bd5 56. Rf8+ Ke7 57. Rxf5 Bxc4+ 58. Kb2 Rb1+ 59. Kc2 Rb5 0-1


[Site "https://www.chess.com"]

[Event "Titled Tuesday Blitz March 29 Early 2022"]
[White "Oro, Luis"]
[Black "Lewtak, Damian"]
[WhiteFideId "104094"]
[BlackFideId "1141724"]
[WhiteElo "2358"]
[BlackElo "2362"]
[Result "0-1"]
[Round "03"]
[TimeControl "180+1"]
[Date "2022.03.30"]
[WhiteClock "0:00:03"]
[BlackClock "0:00:05"]

1. e4 b6 2. d4 Bb7 3. Bd3 e6 4. f4 Ne7 5. Nf3 g6 6. O-O Bg7 7. Re1 O-O 8. c3 d6 9. Be3 Nd7 10. Nbd2 h6 11. Qe2 f5 12. e5 Nd5 13. g3 Nxe3 14. Qxe3 dxe5 15. fxe5 g5 16. Qe2 Qe7 17. Rf1 Rad8 18. Bc4 c5 19. Rae1 cxd4 20. Nxd4 Nxe5 21. Bxe6+ Kh8 22. Bxf5 Qc5 23. Nb3 Qd5 24. Be4 Rxf1+ 25. Kxf1 Rf8+ 26. Kg1 Qd7 27. Bxb7 Qxb7 28. Qe4 Qf7 29. Qg2 Nd3 30. Re2 a5 31. Rd2 Qg6 32. Qe2 Ne5 33. Kg2 g4 34. Rd1 Nf3 35. Rf1 a4 36. Nd2 Bxd4 37. cxd4 Qc2 38. Rf2 Qxb2 39. Qe3 Kg8 40. Qxh6 Ne1+ 41. Kf1 Rxf2+ 42. Kxf2 Nd3+ 43. Ke3 Nc1 44. Qg6+ Kf8 45. Qf6+ Ke8 46. Qe6+ Kd8 47. Qd6+ Kc8 48. Qc6+ Kb8 49. Qc4 Nxa2 50. d5 Qc3+ 51. Qxc3 Nxc3 52. Kd4 Nb5+ 53. Kc4 Nd6+ 54. Kb4 b5 55. Nb1 Kc7 56. Nc3 Kd7 57. Ne2 Ke7 58. Nf4 Kf6 59. Ne6 Ke5 60. Nf4 Kd4 61. Ne6+ Kxd5 62. Nf4+ Ke4 63. Nh5 Kf3 64. Nf6 Ne4 65. Nd5 Nxg3 66. Ne3 Ne4 67. Nf5 Nd2 68. Nd4+ Kg2 69. Nxb5 Kxh2 70. Kxa4 g3 71. Nd4 g2 72. Ne2 Ne4 73. Kb3 Ng3 74. Nd4 Kh3 75. Nf3 Kg4 76. Ng1 Kf4 77. Kc3 Ke3 78. Kc2 Kf2 79. Nh3+ Kf1 80. Kd2 Ne2 81. Ke3 Nc1 82. Kf3 Nd3 83. Kg3 Nf2 84. Nxf2 g1=Q+ 0-1


[Site "https://www.chess.com"]

[Event "Titled Tuesday Blitz March 29 Early 2022"]
[White "Pajeken, Jakob Leon"]
[Black "Matlakov, Maxim"]
[WhiteFideId "12942839"]
[BlackFideId "4168003"]
[WhiteElo "2351"]
[BlackElo "2669"]
[Result "0-1"]
[Round "03"]
[TimeControl "180+1"]
[Date "2022.03.29"]
[WhiteClock "0:00:06"]
[BlackClock "0:00:11"]

1. d4 Nf6 2. Nf3 d5 3. c4 c6 4. e3 g6 5. Bd3 Bg7 6. O-O O-O 7. Nc3 Bg4 8. h3 Bxf3 9. Qxf3 e6 10. b3 Nbd7 11. Bb2 Re8 12. Rfd1 Qe7 13. e4 dxe4 14. Nxe4 Nxe4 15. Bxe4 a5 16. a4 f5 17. Bc2 e5 18. Re1 e4 19. Qg3 Nf6 20. Bc3 c5 21. d5 Nh5 22. Qe3 f4 23. Qd2 e3 24. Qd3 exf2+ 25. Kxf2 Qh4+ 26. Kg1 Bd4+ 27. Kh1 Re3 28. Rxe3 fxe3 29. Bxd4 cxd4 30. Bd1 Qe1+ 31. Kh2 Qg3+ 32. Kh1 Nf4 33. Qe4 d3 34. Bf3 e2 35. d6 d2 36. Bxe2 Qe1+ 37. Kh2 Qxe2 38. Qxe2 Nxe2 39. Rd1 Nd4 40. Rxd2 Nxb3 41. Rb2 Nc5 42. Rb5 Nxa4 43. Rxb7 Nc5 44. Rc7 Ne6 45. Re7 Nd8 46. Rc7 Kf8 47. c5 a4 48. d7 Ke7 49. c6 Nxc6 50. Rxc6 Kxd7 51. Rc1 a3 52. Kg3 a2 53. Ra1 Ke6 54. Kf3 Ke5 55. Ke3 Ra3+ 56. Kd2 Kf4 57. Kc2 Kg3 58. Kb2 Ra8 0-1


[Site "https://www.chess.com"]

[Event "Titled Tuesday Blitz March 29 Early 2022"]
[White "Paravyan, David"]
[Black "Fier, Alexandr"]
[WhiteFideId "4194985"]
[BlackFideId "2107139"]
[WhiteElo "2569"]
[BlackElo "2571"]
[Result "0-1"]
[Round "03"]
[TimeControl "180+1"]
[Date "2022.03.29"]
[WhiteClock "0:00:03"]
[BlackClock "0:01:16"]

1. e4 Nf6 2. e5 Nd5 3. d4 d6 4. c4 Nb6 5. f4 Nc6 6. d5 Nb8 7. Nc3 g6 8. Nf3 Bg7 9. Be2 O-O 10. O-O c6 11. Be3 Bg4 12. e6 f5 13. h3 Bxf3 14. Rxf3 cxd5 15. cxd5 Na6 16. Qb3 Rc8 17. Rd1 Nc5 18. Qa3 a6 19. Rff1 Qe8 20. Qb4 Nba4 21. Nxa4 Nxa4 22. Qxb7 Nxb2 23. Rc1 Rb8 24. Qd7 Na4 25. Rc7 Nc3 26. Bf3 Bf6 27. Rc1 Nxa2 28. R1c6 Nb4 29. Rc4 a5 30. Ra7 Ra8 31. Rcc7 Rxa7 32. Rxa7 Nc2 33. Bf2 Nd4 34. Bd1 Qb8 35. Kh2 Qb2 36. Bg3 Qc1 37. Qa4 h5 38. Rxa5 h4 39. Bf2 Qxf4+ 40. Kg1 Qd2 41. Ra8 Rxa8 42. Qxa8+ Kg7 43. Qa4 Ne2+ 44. Bxe2 Qxe2 45. Bxh4 Qe3+ 46. Kh2 Be5+ 47. g3 Qd2+ 48. Kg1 Bd4+ 49. Kh1 Qe1+ 50. Kg2 Qf2+ 51. Kh1 Qg1# 0-1


[Site "https://www.chess.com"]

[Event "Titled Tuesday Blitz March 29 Early 2022"]
[White "Pein, Jonathan"]
[Black "Ravi, Teja S."]
[WhiteFideId "417092"]
[BlackFideId "5017220"]
[WhiteElo "2140"]
[BlackElo "2412"]
[Result "0-1"]
[Round "03"]
[TimeControl "180+1"]
[Date "2022.03.30"]
[WhiteClock "0:00:11"]
[BlackClock "0:01:23"]

1. b3 d5 2. Bb2 c6 3. Nf3 Bg4 4. d4 Nd7 5. Nbd2 Ngf6 6. g3 e6 7. Bg2 Bd6 8. O-O O-O 9. c4 a5 10. a3 Qb8 11. Re1 Re8 12. Qc2 Bf5 13. Qc3 h6 14. Ne5 Rd8 15. Nxd7 Rxd7 16. e4 dxe4 17. Nxe4 Nxe4 18. Bxe4 Bxe4 19. Rxe4 Be7 20. Rg4 Bf6 21. Qf3 Qd8 22. Re1 c5 23. Bc1 h5 24. Rf4 cxd4 25. Qxh5 d3 26. Bd2 Bg5 27. Ree4 g6 28. Qh3 Bxf4 29. Rxf4 Rd4 30. Bc3 d2 31. Rxd4 Qxd4 32. Bxd4 d1=Q+ 0-1


[Site "https://www.chess.com"]

[Event "Titled Tuesday Blitz March 29 Early 2022"]
[White "Perez Gormaz, Matias"]
[Black "Mikhnenko, Alexander"]
[WhiteFideId "3406342"]
[BlackFideId "34143014"]
[WhiteElo "2327"]
[BlackElo "2184"]
[Result "1-0"]
[Round "03"]
[TimeControl "180+1"]
[Date "2022.03.30"]
[WhiteClock "0:00:06"]
[BlackClock "0:00:03"]

1. e4 c5 2. Nf3 e6 3. g3 d5 4. exd5 exd5 5. d4 Nc6 6. Bg2 Nf6 7. O-O Be7 8. Nc3 Be6 9. dxc5 Bxc5 10. a3 O-O 11. b4 Bb6 12. Bb2 Bg4 13. h3 Bh5 14. g4 Bg6 15. Na4 Bc7 16. Nd4 Qd6 17. f4 Nxd4 18. Bxd4 Be4 19. Nc5 b6 20. Nxe4 Nxe4 21. c4 Rfe8 22. Re1 Rad8 23. Rc1 Qxf4 24. cxd5 Qh2+ 25. Kf1 Ng5 26. Qd3 Qf4+ 27. Bf2 Be5 28. Qf5 Qxf5 29. gxf5 Bf4 30. Rcd1 f6 31. h4 Nf7 32. Re6 Be5 33. Rc1 Nd6 34. Bh3 Rd7 35. Be1 Kf7 36. Rc6 Red8 37. a4 Ne8 38. Bg2 g6 39. fxg6+ hxg6 40. a5 Ng7 41. axb6 axb6 42. Rxb6 Rc7 43. Rec6 Rxc6 44. dxc6 Nf5 45. Rb7+ Ke6 46. Bf2 Nd6 47. b5 Rc8 48. Ra7 Nxb5 49. Ra6 Nd4 50. c7+ Kd7 51. Ra7 Rxc7 52. Bh3+ f5 53. Ra6 Rc1+ 54. Kg2 Rc2 55. Rxg6 Ne6 56. Bxf5 1-0


[Site "https://www.chess.com"]

[Event "Titled Tuesday Blitz March 29 Early 2022"]
[White "Petrova, Irina"]
[Black "Le Ruyet, Leopold"]
[WhiteFideId "14124122"]
[BlackFideId "645923"]
[WhiteElo "1993"]
[BlackElo "2276"]
[Result "0-1"]
[Round "03"]
[TimeControl "180+1"]
[Date "2022.03.30"]
[WhiteClock "0:00:09"]
[BlackClock "0:01:00"]

1. e4 e6 2. d4 d5 3. Nc3 Bb4 4. Ne2 Nf6 5. Bg5 dxe4 6. a3 Be7 7. Bxf6 gxf6 8. Nxe4 f5 9. N4c3 b6 10. g3 Bb7 11. d5 Nd7 12. Bg2 Nf6 13. O-O Nxd5 14. Nxd5 Bxd5 15. Bxd5 Qxd5 16. Qxd5 exd5 17. Rad1 O-O-O 18. Nd4 Bf6 19. Nc6 Rd7 20. c3 Kb7 21. Nb4 Rhd8 22. f4 d4 23. c4 d3 24. Kg2 Bxb2 25. Nd5 c6 26. Ne3 Bxa3 27. Nxf5 d2 28. Rf3 Bb4 29. g4 a5 30. h4 a4 31. g5 Rd3 32. Kf2 a3 33. Ke2 Rxf3 34. Kxf3 a2 35. Ne3 Bc3 36. Nc2 a1=Q 37. Nxa1 Bxa1 38. Ke2 Bc3 39. f5 Re8+ 40. Kd3 Re1 41. Kc2 b5 42. h5 b4 43. Rxd2 Bxd2 44. Kxd2 Rg1 45. g6 hxg6 0-1


[Site "https://www.chess.com"]

[Event "Titled Tuesday Blitz March 29 Early 2022"]
[White "Piliczewski, Bogusz"]
[Black "Shuvalov, Evgenij"]
[WhiteFideId "1104144"]
[BlackFideId "4187237"]
[WhiteElo "1896"]
[BlackElo "2151"]
[Result "0-1"]
[Round "03"]
[TimeControl "180+1"]
[Date "2022.03.30"]
[WhiteClock "0:00:15"]
[BlackClock "0:00:33"]

1. d4 Nf6 2. Nf3 g6 3. Bf4 Bg7 4. e3 d6 5. h3 O-O 6. Be2 Nc6 7. O-O Nd7 8. c4 e5 9. Bh2 e4 10. Nfd2 f5 11. Nc3 Nf6 12. a3 g5 13. b4 Ne7 14. c5 d5 15. b5 Ng6 16. a4 f4 17. Qb3 Kh8 18. Nxd5 Nxd5 19. Nxe4 fxe3 20. fxe3 Rxf1+ 21. Kxf1 Nxe3+ 22. Qxe3 Bxd4 23. Rd1 Qf8+ 24. Qf3 Qxf3+ 25. Bxf3 Be5 26. Rd8+ Kg7 27. Bxe5+ Nxe5 28. Nxg5 Nxf3 29. gxf3 Bxh3+ 30. Nxh3 Rxd8 31. Nf4 Kf6 32. Ke2 Rd4 33. Ke3 Rxa4 34. Nd5+ Ke5 35. Nxc7 Ra3+ 36. Ke2 h5 37. b6 axb6 38. cxb6 Rb3 39. Na8 Kf4 40. Kf2 Rb2+ 41. Kg1 Kg3 42. Kh1 Rb1# 0-1


[Site "https://www.chess.com"]

[Event "Titled Tuesday Blitz March 29 Early 2022"]
[White "Polanco Nunez, Yoel Estarling"]
[Black "Piesik, Piotr"]
[WhiteFideId "6401783"]
[BlackFideId "1136194"]
[WhiteElo "2132"]
[BlackElo "2190"]
[Result "0-1"]
[Round "03"]
[TimeControl "180+1"]
[Date "2022.03.30"]
[WhiteClock "0:00:04"]
[BlackClock "0:00:33"]

1. d4 c5 2. e3 Nf6 3. Nf3 d5 4. c3 Bg4 5. dxc5 Nbd7 6. b4 e6 7. Bb2 a5 8. a3 Be7 9. Nbd2 O-O 10. h3 Bh5 11. Be2 Qc7 12. O-O b6 13. cxb6 Nxb6 14. Nd4 Bxe2 15. Qxe2 Rfc8 16. Rac1 Qd7 17. Qb5 Qxb5 18. Nxb5 Nc4 19. Nxc4 Rxc4 20. Nd4 Ne4 21. Nb3 a4 22. f3 Nd6 23. Nd2 Rc6 24. c4 dxc4 25. Rc2 Rac8 26. Rfc1 f6 27. Kf2 e5 28. Nb1 Nb5 29. Rd1 Kf7 30. Nc3 Nxc3 31. Bxc3 Ke6 32. Rcd2 Rd6 33. Rxd6+ Bxd6 34. Ke2 Bc7 35. e4 Rd8 36. Rxd8 Bxd8 37. Kd2 Bb6 38. Kc2 Be3 39. Bd2 Bd4 40. f4 exf4 41. Bxf4 f5 42. exf5+ Kxf5 43. Bc7 Ke4 44. b5 Kd5 45. b6 Kc6 46. Bd8 Bxb6 47. Be7 Bd4 48. Bf8 Kd5 49. Kd2 Ke4 50. Ke2 g6 51. Bb4 Kd5 52. Kd2 Bc5 53. Bc3 Bxa3 0-1


[Site "https://www.chess.com"]

[Event "Titled Tuesday Blitz March 29 Early 2022"]
[White "Posthuma, Joshua"]
[Black "Demin, Vladimir"]
[WhiteFideId "2096889"]
[BlackFideId "4167457"]
[WhiteElo "2176"]
[BlackElo "2502"]
[Result "1-0"]
[Round "03"]
[TimeControl "180+1"]
[Date "2022.03.30"]
[WhiteClock "0:02:04"]
[BlackClock "0:00:18"]

1. d4 Nf6 2. c4 e6 3. g3 d5 4. Bg2 Be7 5. Nf3 O-O 6. O-O dxc4 7. Qc2 b5 8. a4 Bb7 9. axb5 a6 10. Nc3 axb5 11. Rxa8 Bxa8 12. Nxb5 c5 13. Qxc4 Bd5 14. Qa4 Qb6 15. Nc3 Bc6 16. dxc5 Bxc5 17. Qh4 Nbd7 18. Na4 Bxa4 19. Qxa4 Nd5 20. Qxd7 1-0


[Site "https://www.chess.com"]

[Event "Titled Tuesday Blitz March 29 Early 2022"]
[White "Postnikov, Daniil"]
[Black "Dovbnia, Nikita"]
[WhiteFideId "4166329"]
[BlackFideId "54104599"]
[WhiteElo "2261"]
[BlackElo "2111"]
[Result "1-0"]
[Round "03"]
[TimeControl "180+1"]
[Date "2022.03.30"]
[WhiteClock "0:02:00"]
[BlackClock "0:02:05"]

1. d4 Nf6 2. c4 e6 3. Nf3 Bb4+ 4. Bd2 Qe7 5. g3 Nc6 6. Nc3 Bxc3 7. Bxc3 Ne4 8. Rc1 d6 9. Bg2 O-O 10. O-O Nxc3 11. Rxc3 e5 12. d5 Nb8 13. c5 dxc5 14. Nd2 Nd7 15. Qc2 f5 16. Nb3 e4 17. Nxc5 Ne5 18. Rd1 b6 19. Nb3 Rf7 20. d6 Qe8 21. dxc7 1-0


[Site "https://www.chess.com"]

[Event "Titled Tuesday Blitz March 29 Early 2022"]
[White "Postny, Evgeny"]
[Black "Jaskolka, Tomasz"]
[WhiteFideId "2804344"]
[BlackFideId "1170791"]
[WhiteElo "2483"]
[BlackElo "2073"]
[Result "1-0"]
[Round "03"]
[TimeControl "180+1"]
[Date "2022.03.29"]
[WhiteClock "0:00:05"]
[BlackClock "0:00:06"]

1. Nf3 e6 2. c4 d5 3. d4 Nf6 4. Bg5 Be7 5. Nc3 Nbd7 6. e3 O-O 7. Qc2 b6 8. c5 bxc5 9. Bb5 cxd4 10. Nxd4 Bb7 11. Nc6 Bxc6 12. Bxc6 Rb8 13. O-O Ne5 14. Ba4 Nc4 15. b3 Nd6 16. Bc6 Nfe4 17. Bxe7 Qxe7 18. Rac1 Rfc8 19. Na4 Nf5 20. Qd3 Qb4 21. Rc2 Ng5 22. h3 Qh4 23. Rfc1 Rb4 24. a3 Re4 25. Nc5 Re5 26. Nd7 Re4 27. Qf1 Nxe3 28. fxe3 Rxe3 29. Rf2 Rg3 30. Kh2 f6 31. Re1 Ne4 32. Rf4 Qg5 33. Rexe4 dxe4 34. Bxe4 Rxb3 35. Rg4 Qb5 36. Nxf6+ Kf7 37. Nd5+ Kg8 38. Ne7+ Kh8 39. Qxb5 Rxb5 40. Nxc8 Rb8 41. Ne7 h6 42. Nc6 Rb3 43. Rg3 Rb2 44. Rf3 h5 45. Rf8# 1-0


[Site "https://www.chess.com"]

[Event "Titled Tuesday Blitz March 29 Early 2022"]
[White "Pranav, V"]
[Black "Coto Mederos, Michel"]
[WhiteFideId "25060783"]
[BlackFideId "3508528"]
[WhiteElo "2349"]
[BlackElo "2427"]
[Result "1-0"]
[Round "03"]
[TimeControl "180+1"]
[Date "2022.03.30"]
[WhiteClock "0:00:12"]
[BlackClock "0:00:03"]

1. e4 e5 2. Nf3 Nc6 3. Bb5 a6 4. Ba4 Nf6 5. O-O b5 6. Bb3 Bc5 7. d3 d6 8. a4 Rb8 9. h3 h6 10. Nc3 O-O 11. Be3 Bxe3 12. fxe3 Be6 13. Bxe6 fxe6 14. axb5 axb5 15. Qe1 Qd7 16. Nh4 Qf7 17. Qg3 Qh5 18. Ra6 Nb4 19. Ra7 Rf7 20. Rf2 c5 21. Rxf6 Rxa7 22. Rxe6 Qf7 23. Rxd6 Ra1+ 24. Kh2 Qf1 25. Qxe5 Qg1+ 26. Kg3 Rf8 27. Qe6+ Kh7 28. Qg6+ Kg8 29. Nf5 Qe1+ 30. Kf4 Qf2+ 31. Ke5 Rxf5+ 32. Qxf5 Qg3+ 33. Ke6 Ra8 34. Nd5 Nxd5 35. Qxd5 Re8+ 36. Kd7+ Kf8 37. Qf5+ Kg8 38. Kxe8 Qxd6 39. Qd5+ Qxd5 40. exd5 1-0


[Site "https://www.chess.com"]

[Event "Titled Tuesday Blitz March 29 Early 2022"]
[White "Priasmoro, Novendra"]
[Black "Tsyhanchuk, Stanislav"]
[WhiteFideId "7105029"]
[BlackFideId "13505130"]
[WhiteElo "2309"]
[BlackElo "2078"]
[Result "1/2-1/2"]
[Round "03"]
[TimeControl "180+1"]
[Date "2022.03.29"]
[WhiteClock "0:00:14"]
[BlackClock "0:00:10"]

1. Nf3 c5 2. g3 Nf6 3. Bg2 Nc6 4. O-O g6 5. c4 Bg7 6. d4 cxd4 7. Nxd4 Nxd4 8. Qxd4 d6 9. Nc3 O-O 10. Qd2 Nd7 11. b3 Nc5 12. Bb2 Bd7 13. Rad1 Bc6 14. e4 a5 15. Rfe1 Re8 16. h4 h5 17. Nd5 Bxb2 18. Qxb2 Bxd5 19. Rxd5 Qb6 20. e5 dxe5 21. Qxe5 Rac8 22. Qe3 a4 23. Rb1 axb3 24. axb3 Qb4 25. g4 hxg4 26. h5 e6 27. Rg5 Red8 28. Rxg4 Qd2 29. hxg6 Qxe3 30. gxf7+ Kxf7 31. fxe3 b6 32. b4 Nd3 33. Rf1+ Ke7 34. Rg7+ Kd6 35. Rb7 Rxc4 36. Rd1 Ke5 37. Rxb6 Rc2 38. Rb5+ Kf6 39. Rf1+ Ke7 40. Rb7+ Kd6 41. Rff7 Rg8 42. Rbd7+ Ke5 43. Rxd3 Rgxg2+ 44. Kf1 Rh2 45. Kg1 Rhg2+ 46. Kf1 Rh2 47. Kg1 Rcg2+ 48. Kf1 Rb2 49. Kg1 Rhc2 50. Rd1 Rxb4 51. Rg7 Kf6 52. Rg3 Rcc4 53. Rf1+ Ke7 54. Rg7+ Kd6 55. Kf2 Rb2+ 56. Kf3 Ke5 57. Rg6 Kf5 58. Rfg1 Ke5 59. Rh6 Kd6 60. Rgg6 Kd5 61. Rxe6 Rcc2 62. Rd6+ Kc5 63. Rc6+ Kd5 64. Rhd6+ Ke5 65. Re6+ Kd5 66. Rcd6+ Kc5 67. Rc6+ Kd5 68. Rxc2 Rxc2 69. Re8 Kd6 70. Kf4 Kd7 71. Re5 Rc4+ 72. Kf5 Rc1 73. Kf6 Rf1+ 74. Rf5 Re1 75. Rf3 Ke8 76. Ke6 Ra1 77. e4 Ra6+ 78. Kf5 Ke7 79. Rc3 Rb6 80. Rc5 Ra6 81. Rb5 Rc6 82. Rb7+ Ke8 83. e5 Ra6 84. Rg7 Rb6 85. Rh7 Ra6 86. Rh4 Rb6 87. Ra4 Ke7 88. Ra5 Rc6 89. Rb5 Ra6 90. Rb7+ Ke8 91. Rb4 Rc6 92. Rd4 Ra6 93. Rd6 Rxd6 94. exd6 Kd7 95. Ke5 Kd8 96. Ke6 Ke8 97. Kd5 Kd7 98. Kc5 Kd8 99. Kc6 Kc8 100. Kd5 Kd7 101. Ke5 Kd8 102. Ke6 Ke8 103. d7+ Kd8 104. Kd6 1/2-1/2


[Site "https://www.chess.com"]